Map: Heavy Artillery LE

Players

Massa - Winner!

  • Race: Terran Terran
  • League: Platinum
  • Spawn Location: 7:00

qqq - Winner!

  • Race: Zerg Zerg
  • Spawn Location: 7:00

ŊƳŋƳ

  • Race: Protoss Protoss
  • League: Master
  • Spawn Location: 3:00

Yepla

  • Race: Terran Terran
  • League: Master
  • Spawn Location: 1:00

VOD

Have the link to the VOD?

Description

Time

  • Played on: Feb. 3, 2021, 3:22 p.m.
  • Length: 18:51
Show
View Real Time Build Order
Export as new Build Order

Massa Terran - Winner!

Build Orders:  

Get SALT Encoding   

  12  0:00  SCV  
  13  0:12  SCV  
  14  0:20  Supply Depot  
  14  0:25  SCV  
  15  0:35  Refinery  
  15  0:42  SCV  
  16  0:46  Barracks  
  16  0:54  SCV  
  17  1:06  SCV  
  18  1:18  SCV  
  19  1:30  SCV  
  21  1:32  Reaper  
  21  1:42  Orbital Command  
  21  1:48  Command Center  
  21  2:05  Marine  
  22  2:18  SCV  
  23  2:35  Factory  
  23  2:36  Supply Depot  
  23  2:47  Barracks Reactor  
  23  2:57  SCV  
  24  2:59  Supply Depot  
  24  3:10  SCV  
  25  3:18  Orbital Command  
  25  3:21  Barracks  
  25  3:24  Barracks  
  25  3:28  Refinery  
  25  3:32  Marine x2  
  27  3:39  Supply Depot  
  27  3:43  Factory Tech Lab  
  27  3:50  SCV x2, Marine x2  
  31  3:59  Engineering Bay  
  31  4:02  Refinery, SCV x2  
  33  4:03  Supply Depot  
  33  4:07  Cyclone  
  33  4:08  Marine x2  
  38  4:12  Marine  
  38  4:13  Barracks Tech Lab  
  38  4:14  SCV  
  40  4:20  SCV  
  41  4:26  SCV, Missile Turret  
  42  4:32  SCV, Missile Turret  
  42  4:34  Terran Infantry Weapons Level 1  
  42  4:35  Marine  
  42  4:36  Barracks Tech Lab  
  42  4:38  Marauder  
  46  4:47  Starport  
  46  4:52  SCV x2  
  48  4:56  Stimpack  
  48  4:57  Combat Shield  
  48  4:59  Marine x2  
  50  5:04  SCV x2  
  52  5:07  Marine x2  
  52  5:10  Widow Mine  
  56  5:16  SCV x2  
  56  5:17  Marine x2  
  60  5:22  Missile Turret  
  60  5:25  Marine x2  
  63  5:28  SCV  
  63  5:32  Widow Mine  
  63  5:34  Marine  
  66  5:42  Marine x2  
  67  5:43  Marine  
  67  5:52  Marine  
  68  6:05  Supply Depot  
  68  6:07  Supply Depot  
  68  6:16  Medivac  
  70  6:27  Siege Tank  
  70  6:28  Terran Infantry Armor Level 1  
  70  6:30  Armory  
  70  6:31  Supply Depot  
  73  6:33  Supply Depot  
  73  6:34  Concussive Shells  
  73  6:37  SCV x2  
  75  6:41  Command Center  
  75  6:42  Refinery  
  75  6:46  Medivac  
  77  6:49  SCV x2  
  79  6:55  Marauder x2, Marine, Supply Depot  
  79  6:59  Siege Tank  
  87  7:10  Engineering Bay  
  87  7:15  Marine  
  87  7:16  Marauder x2  
  87  7:17  Marine  
  93  7:29  Supply Depot  
  93  7:31  Siege Tank  
  93  7:33  Marine  
  95  8:04  Siege Tank  
  98  8:18  Medivac  
  92  8:33  Marauder x2, Marine x2  
  93  8:36  Siege Tank  
  96  8:48  Medivac  
  91  8:51  Marine x2  
  91  8:54  Marauder x2  
  92  9:09  Marine x2  
  94  9:12  SCV  
  94  9:13  SCV  
  94  9:15  Marauder  
  94  9:16  Marauder  
  97  9:24  SCV  
  97  9:25  SCV  
  97  9:26  Marine  
  97  9:27  Marine  
  101  9:33  Barracks, Starport Reactor  
  101  9:34  Terran Infantry Weapons Level 2  
  101  9:36  Barracks  
  101  9:37  SCV x2, Marauder x2  
  104  9:44  Marine  
  105  9:48  Command Center  
  105  9:49  SCV  
  93  9:58  Marauder x2  
  92  10:10  Missile Turret  
  92  10:11  Missile Turret x2  
  92  10:12  SCV  
  93  10:14  Orbital Command  
  93  10:15  SCV  
  93  10:20  Marauder x2  
  98  10:22  Siege Tank  
  98  10:24  SCV  
  98  10:27  Terran Infantry Armor Level 2, SCV  
  103  10:31  Sensor Tower  
  103  10:38  SCV  
  103  10:39  SCV  
  103  10:42  Marine  
  106  10:43  Barracks Reactor, Barracks Tech Lab, Marine  
  106  10:44  Marine  
  108  10:50  SCV  
  109  11:01  SCV x2  
  109  11:02  SCV x2  
  113  11:13  SCV  
  113  11:16  Sensor Tower  
  114  11:19  Planetary Fortress  
  114  11:23  Missile Turret  
  114  11:27  Refinery, Missile Turret  
  114  11:29  Refinery  
  114  11:30  SCV x2  
  114  11:31  SCV  
  117  11:35  Marauder x3, Marine x3  
  117  11:36  Marine  
  117  11:37  Siege Tank  
  130  11:42  SCV  
  130  11:43  SCV x2  
  133  11:53  Marine  
  134  11:56  Marauder x2  
  134  11:57  Factory  
  134  11:58  Factory  
  136  12:03  Marine x2  
  136  12:04  Marauder, Marine  
  141  12:09  Siege Tank  
  141  12:11  Marine  
  145  12:17  Marine  
  145  12:18  Marauder  
  133  12:32  Marauder, Marine x4  
  133  12:35  Marauder  
  139  12:39  Marauder  
  140  12:49  Thor  
  140  12:50  Marine x4  
  140  12:51  Factory Tech Lab x2  
  148  13:10  Supply Depot  
  148  13:11  Supply Depot  
  148  13:12  Supply Depot  
  148  13:14  Supply Depot x2  
  148  13:15  Supply Depot  
  148  13:19  SCV  
  148  13:20  SCV  
  148  13:21  SCV x2, Marine x3  
  148  13:22  Marine, Medivac x2  
  140  13:31  Marine x3  
  140  13:32  SCV  
  140  13:33  SCV  
  145  13:35  Supply Depot  
  145  13:36  Supply Depot  
  145  13:39  Marauder x2, Marine  
  145  13:40  Marauder  
  132  13:49  Marine  
  132  13:52  Marine, Medivac x2  
  132  13:53  Marine  
  132  13:55  Terran Infantry Weapons Level 3, Terran Infantry Armor Level 3, Terran Vehicle Weapons Level 1  
  123  13:56  Marine  
  123  14:00  Marauder  
  123  14:01  Marauder x2  
  130  14:07  Marine  
  131  14:10  Marine  
  131  14:11  Marine  
  131  14:14  Marine  
  127  14:22  SCV x4, Marauder x2, Medivac x2  
  127  14:23  Marauder  
  141  14:24  Refinery  
  141  14:27  Refinery  
  141  14:33  Marine x4  
  141  14:35  Thor x2  
  141  14:37  Smart Servos  
  157  14:43  Marauder x2  
  157  14:44  Marauder, Command Center  
  163  14:48  Barracks  
  163  14:49  Barracks  
  163  14:50  Marine  
  163  14:51  Marine x3  
  167  15:05  Marauder x2  
  167  15:06  Marauder  
  173  15:08  Marine  
  173  15:09  Marine x3  
  173  15:11  Thor  
  183  15:18  Thor  
  189  15:26  Marauder x2  
  189  15:27  Marauder  
  188  15:47  Marauder x2  
  178  15:53  Medivac x2  
  180  16:23  Medivac  
  160  16:27  Marauder x3, Marine  
  160  16:28  Marine x5  
  160  16:31  Thor x3  
  168  16:39  Planetary Fortress  
  166  16:43  SCV x3  
  166  16:44  SCV  
  166  16:45  Marine  
  166  16:46  Missile Turret  
  163  16:48  Marauder  
  163  16:49  Marauder x2  
  167  17:06  Missile Turret  
  167  17:10  Marauder x3  
  167  17:14  Thor  
  179  17:20  Marine x2  
  179  17:21  Marine  
  180  17:26  Thor x2  
  178  17:31  Marauder  
  178  17:32  Marauder x2  
  169  17:38  Medivac  
  169  17:39  Medivac  
  169  17:41  Barracks Tech Lab  
  169  17:42  Marine  
  169  17:43  Marine x4  
  176  17:52  Marauder  
  176  17:53  Marauder x2  
  176  17:57  Thor  
  188  18:00  Marine x3  
  188  18:01  Armory, Marine x2  
  194  18:13  Marine  
  194  18:14  Marine x2  
  194  18:18  Marine  
Show
View Real Time Build Order
Export as new Build Order

qqq Zerg - Winner!

Build Orders: Hatch First 

Get SALT Encoding   

  12  0:01  Drone  
  13  0:09  Drone  
  14  0:17  Overlord  
  14  0:45  Hatchery  
  14  0:48  Drone  
  14  0:49  Drone  
  15  0:57  Drone  
  17  1:04  Drone  
  17  1:21  Drone  
  17  1:24  Extractor  
  17  1:25  Drone  
  18  1:26  Spawning Pool  
  18  1:32  Extractor  
  17  1:41  Drone  
  17  1:44  Drone  
  19  2:02  Extractor  
  19  2:03  Drone  
  19  2:05  Drone  
  21  2:12  Drone  
  21  2:13  Extractor  
  21  2:14  Queen  
  25  2:18  Overlord  
  25  2:20  Drone  
  24  2:25  Lair  
  24  2:26  Drone x2  
  26  2:34  Extractor  
  26  2:36  Drone  
  26  2:37  Drone  
  26  2:42  Drone  
  28  2:47  Drone  
  29  2:51  Queen  
  29  2:55  Drone  
  32  2:59  Drone  
  32  3:02  Drone  
  34  3:10  Drone  
  35  3:13  Spore Crawler  
  35  3:19  Drone  
  35  3:20  Drone  
  35  3:24  Spire  
  35  3:26  Drone  
  36  3:30  Overlord  
  36  3:33  Overlord  
  36  3:44  Overlord  
  36  3:50  Extractor, Drone x2  
  36  3:51  Extractor  
  36  3:54  Drone  
  37  3:56  Drone  
  38  4:03  Hatchery  
  38  4:05  Drone x3  
  38  4:09  Overlord  
  40  4:11  Overlord  
  40  4:13  Drone  
  41  4:18  Overlord  
  41  4:25  Drone  
  42  4:36  Mutalisk x2  
  46  4:42  Corruptor  
  46  4:44  Hatchery  
  47  4:48  Drone  
  47  4:50  Drone  
  47  4:51  Drone  
  50  4:53  Drone  
  50  4:54  Drone  
  52  5:00  Drone  
  52  5:03  Corruptor  
  55  5:07  Corruptor  
  55  5:13  Zerg Flyer Armor Level 1  
  57  5:15  Overlord  
  57  5:19  Drone x2  
  59  5:22  Corruptor  
  61  5:31  Drone  
  61  5:32  Drone x3  
  61  5:33  Drone  
  61  5:35  Corruptor  
  68  5:39  Drone  
  69  5:55  Drone  
  70  5:57  Corruptor x3  
  70  5:58  Spore Crawler  
  70  6:00  Drone x2  
  77  6:09  Infestation Pit  
  77  6:11  Drone x2  
  78  6:15  Corruptor  
  80  6:19  Drone  
  80  6:24  Drone  
  82  6:26  Corruptor  
  82  6:29  Extractor  
  82  6:31  Extractor  
  82  6:35  Drone x2  
  82  6:37  Corruptor  
  86  6:41  Drone  
  86  6:46  Overlord  
  87  6:48  Drone, Hive  
  87  6:52  Overlord x3  
  88  7:00  Overlord x3  
  88  7:04  Queen  
  88  7:06  Drone x3  
  88  7:07  Drone, Zerg Flyer Weapons Level 1  
  94  7:10  Hatchery  
  94  7:12  Drone  
  94  7:13  Corruptor  
  94  7:15  Mutalisk  
  98  7:18  Drone x2  
  98  7:21  Corruptor  
  102  7:25  Drone  
  103  7:31  Overlord  
  102  7:38  Spore Crawler  
  102  7:40  Spore Crawler  
  89  7:57  Mutalisk x2  
  89  7:58  Mutalisk  
  93  7:59  Drone x3  
  93  8:00  Drone x3, Corruptor x3  
  107  8:09  Pneumatized Carapace  
  107  8:10  Overseer x2  
  105  8:30  Viper  
  105  8:34  Drone x7  
  109  8:35  Drone  
  109  8:37  Extractor  
  109  8:38  Extractor  
  108  8:50  Corruptor  
  108  8:51  Corruptor  
  108  8:52  Corruptor, Viper  
  117  8:56  Drone x6  
  117  9:01  Hatchery  
  122  9:06  Viper  
  125  9:30  Corruptor x2, Viper  
  132  9:34  Drone  
  132  9:35  Drone x3  
  136  9:43  Zerg Flyer Armor Level 2  
  136  9:46  Drone  
  136  9:47  Drone x7  
  136  9:49  Extractor  
  136  9:50  Extractor  
  128  10:12  Corruptor x3  
  128  10:13  Corruptor x2  
  132  10:15  Drone x6  
  138  10:27  Drone  
  138  10:28  Drone  
  140  10:32  Spine Crawler  
  140  10:33  Spine Crawler  
  140  10:34  Corruptor x4  
  146  10:36  Drone x2, Spine Crawler  
  147  10:44  Spire  
  147  10:46  Drone x2  
  148  11:13  Corruptor  
  148  11:15  Corruptor, Viper  
  148  11:16  Corruptor  
  157  11:21  Drone  
  157  11:22  Drone x5  
  163  11:27  Spine Crawler, Spore Crawler  
  163  11:31  Spore Crawler, Overseer x2  
  163  11:32  Overseer x2  
  160  11:33  Extractor, Corruptor x2  
  160  11:34  Overlord  
  160  11:35  Extractor, Overlord x8  
  160  11:36  Overlord  
  160  11:37  Drone x2  
  164  11:56  Corruptor  
  164  11:57  Corruptor x7  
  164  11:59  Zerg Flyer Weapons Level 2  
  180  12:04  Drone x4  
  161  12:32  Viper x5  
  161  12:35  Drone x3  
  161  12:36  Drone x2  
  175  12:48  Viper  
  175  12:49  Corruptor x2  
  180  12:53  Drone x3  
  183  13:02  Mutalisk  
  183  13:03  Mutalisk x3  
  184  13:29  Viper x2  
  184  13:30  Mutalisk x3  
  176  14:00  Mutalisk x7  
  176  14:01  Mutalisk x2  
  176  14:02  Drone x2  
  196  14:04  Overlord x2  
  196  14:05  Overlord  
  196  14:19  Zerg Flyer Armor Level 3  
  196  14:21  Greater Spire  
  181  15:37  Brood Lord  
  181  15:38  Brood Lord x7  
  181  15:39  Brood Lord  
  181  15:42  Overlord  
  199  15:43  Zergling x2  
  172  16:35  Corruptor x4  
  172  16:36  Mutalisk x3, Corruptor x2  
  172  16:37  Corruptor x4  
  186  16:56  Corruptor x3  
  186  16:57  Corruptor x4  
  186  17:30  Corruptor x7  
  186  17:31  Corruptor  
  188  17:50  Corruptor  
  188  17:51  Corruptor x5  
  196  18:20  Overseer x3  
  196  18:21  Overseer  
  196  18:26  Hatchery, Brood Lord x2  
Show
View Real Time Build Order
Export as new Build Order

ŊƳŋƳ Protoss 

Build Orders: 1 Gate Expand, Nexus First, Phoenix Opening, Carriers 

Get SALT Encoding   

  12  0:00  Probe  
  13  0:12  Probe  
  14  0:21  Pylon  
  14  0:24  Probe  
  15  0:39  Probe  
  16  0:44  Gateway  
  16  0:52  Probe  
  17  1:03  Nexus  
  17  1:05  Probe  
  18  1:19  Probe, Gateway  
  19  1:32  Probe  
  20  1:33  Assimilator  
  20  1:36  Assimilator  
  20  1:44  Probe  
  21  1:49  Pylon  
  21  1:56  Probe  
  23  2:10  Probe (Chrono Boost), Cybernetics Core  
  23  2:15  Probe (Chrono Boost)  
  25  2:25  Probe x2 (Chrono Boost)  
  25  2:27  Assimilator  
  26  2:30  Probe (Chrono Boost)  
  26  2:31  Assimilator  
  26  2:32  Probe  
  28  2:41  Probe  
  29  2:44  Probe  
  29  2:47  Stargate  
  30  2:55  Probe  
  31  2:58  Probe  
  31  3:02  Stargate  
  32  3:07  Probe  
  33  3:15  Probe  
  34  3:26  Probe  
  35  3:28  Pylon  
  35  3:32  Probe  
  36  3:35  Phoenix  
  36  3:38  Phoenix  
  38  3:41  Probe  
  41  3:49  Probe  
  41  3:50  Protoss Air Weapons Level 1 (Chrono Boost)  
  41  3:55  Pylon  
  42  3:56  Probe  
  43  4:06  Phoenix  
  45  4:16  Nexus  
  45  4:23  Pylon  
  45  4:26  Probe  
  45  4:28  Probe  
  45  4:29  Phoenix  
  49  4:34  Phoenix  
  49  4:38  Probe  
  52  4:40  Probe  
  53  4:50  Probe  
  53  4:51  Assimilator  
  53  4:52  Forge  
  54  4:54  Probe, Assimilator  
  54  4:56  Phoenix  
  57  5:04  Probe  
  57  5:06  Probe  
  59  5:16  Probe  
  59  5:18  Probe  
  61  5:24  Fleet Beacon  
  61  5:27  Pylon  
  61  5:28  Probe x2  
  62  5:30  Probe  
  62  5:32  Pylon  
  64  5:35  Phoenix  
  64  5:40  Probe  
  68  5:50  Probe x2  
  68  5:52  Probe  
  70  6:01  Shield Battery  
  70  6:02  Probe x2, Shield Battery  
  70  6:03  Photon Cannon  
  72  6:07  Probe, Pylon  
  73  6:14  Probe x2  
  75  6:19  Tempest, Probe  
  75  6:20  Tempest  
  75  6:25  Protoss Air Weapons Level 2 (Chrono Boost)  
  86  6:26  Probe  
  86  6:27  Stargate  
  86  6:28  Protoss Shields Level 1 (Chrono Boost)  
  86  6:30  Robotics Facility  
  87  6:33  Probe x2  
  87  6:38  Probe  
  90  6:42  Stargate  
  90  6:45  Probe x2  
  90  6:46  Photon Cannon  
  92  6:50  Probe  
  93  6:57  Probe  
  93  6:58  Probe  
  95  7:02  Probe, Photon Cannon  
  96  7:13  Probe  
  96  7:14  Probe, Anion Pulse-Crystals (Chrono Boost)  
  98  7:18  Probe  
  98  7:22  Tempest  
  104  7:24  Tempest  
  109  7:33  Nexus  
  109  7:35  Pylon  
  109  7:38  Pylon  
  109  7:43  Probe  
  88  8:01  Tempest (Chrono Boost)  
  88  8:03  Tempest (Chrono Boost)  
  88  8:04  Tempest (Chrono Boost)  
  108  8:13  Tempest (Chrono Boost)  
  108  8:36  Carrier (Chrono Boost)  
  108  8:37  Tempest (Chrono Boost)  
  108  8:40  Probe x2  
  121  8:42  Carrier (Chrono Boost)  
  121  8:44  Pylon  
  121  8:47  Probe, Pylon  
  121  8:48  Probe  
  129  8:50  Assimilator  
  129  8:52  Assimilator  
  130  9:15  Carrier (Chrono Boost)  
  130  9:17  Protoss Air Weapons Level 3 (Chrono Boost)  
  130  9:19  Photon Cannon  
  130  9:21  Photon Cannon  
  130  9:24  Photon Cannon  
  130  9:26  Photon Cannon  
  130  9:31  Tempest  
  135  9:43  Tempest  
  140  9:45  Tempest  
  120  10:10  Gateway  
  120  10:13  Protoss Ground Weapons Level 1 (Chrono Boost), Gateway  
  125  10:14  Tempest (Chrono Boost), Gateway, Carrier (Chrono Boost)  
  125  10:15  Gateway  
  125  10:16  Gateway  
  125  10:18  Gateway  
  131  10:23  Observer  
  131  10:26  Twilight Council  
  138  10:29  Pylon  
  138  10:31  Pylon  
  138  10:33  Carrier (Chrono Boost)  
  138  10:44  Probe  
  138  10:45  Probe  
  138  10:46  Carrier (Chrono Boost)  
  152  10:59  Carrier (Chrono Boost)  
  152  11:06  Warp Prism  
  160  11:11  Carrier  
  160  11:21  Gateway  
  160  11:26  Gateway x2  
  160  11:28  Gateway, Cybernetics Core  
  160  11:30  Carrier  
  160  11:31  Nexus  
  166  11:33  Pylon  
  166  11:36  Pylon  
  166  11:37  Pylon  
  166  11:38  Blink (Chrono Boost)  
  166  11:42  Observer, Pylon  
  166  11:45  Assimilator  
  166  11:47  Warp Gate (Chrono Boost)  
  167  11:49  Assimilator  
  167  11:51  Carrier  
  173  11:59  Carrier  
  179  12:10  Probe  
  179  12:11  Probe  
  181  12:17  Dark Shrine  
  175  12:23  Protoss Air Armor Level 1 (Chrono Boost)  
  144  12:50  Protoss Ground Weapons Level 2  
  144  12:53  Carrier x2  
  144  12:56  Carrier  
  162  13:01  Observer  
  152  13:17  Tempest  
  127  13:29  Stalker x4  
  127  13:30  Stalker x2  
  119  13:54  Stalker x4  
  119  13:55  Stalker x2  
  124  13:56  Tempest  
  124  13:57  Tempest  
  124  13:59  Tempest  
  124  14:00  Tempest  
  132  14:05  Stalker x2  
  132  14:06  Stalker x3  
  140  14:23  Stalker  
  142  14:35  Gateway  
  142  14:36  Gateway  
  142  14:38  Gateway  
  142  14:39  Gateway  
  142  14:41  Gateway  
  142  14:43  Gateway x2  
  142  14:45  Gateway  
  142  14:46  Photon Cannon  
  142  14:47  Stalker  
  142  14:48  Stalker x3  
  142  14:49  Photon Cannon, Pylon, Stalker x2  
  142  14:51  Pylon  
  148  15:05  Photon Cannon  
  148  15:10  Nexus  
  148  15:20  Stalker  
  148  15:21  Stalker  
  134  15:23  Stalker  
  134  15:24  Stalker x3  
  117  15:34  Tempest x4  
  137  15:46  Charge (Chrono Boost), Protoss Ground Weapons Level 3  
  135  15:58  Warp Prism  
  135  16:01  Stalker x5  
  135  16:02  Stalker x2  
  135  16:03  Stalker x5  
  135  16:04  Stalker  
  145  16:35  Observer  
  132  16:44  Stalker x5  
  132  16:45  Stalker x4  
  132  16:46  Stalker x4  
  113  17:20  Stalker x3  
  113  17:21  Dark Templar x2, Stalker  
  113  17:22  Dark Templar x2, Stalker x2  
  119  17:23  Stalker x3  
  120  17:35  Void Ray  
  115  17:43  Zealot  
  115  17:44  Zealot x3  
  106  18:05  Dark Templar x2  
  100  18:06  Zealot x5  
  100  18:07  Zealot x5  
  100  18:08  Zealot  
  88  18:32  Stalker x3  
  88  18:33  Zealot, Stalker x4  
  88  18:34  Zealot x2  
  119  18:43  Dark Templar  
  119  18:44  Dark Templar x2  
Show
View Real Time Build Order
Export as new Build Order

Yepla Terran 

Build Orders: Reaper Expand, Mech 

Get SALT Encoding   

  12  0:00  SCV  
  13  0:12  SCV  
  14  0:17  Supply Depot  
  14  0:24  SCV  
  15  0:38  SCV  
  15  0:39  Barracks  
  16  0:44  Refinery  
  16  0:50  SCV  
  17  1:03  SCV  
  18  1:15  SCV  
  19  1:26  Reaper  
  19  1:27  Orbital Command  
  20  1:42  Command Center  
  20  1:54  SCV  
  20  1:57  Barracks  
  21  2:06  Barracks Reactor  
  21  2:07  SCV  
  22  2:21  SCV  
  23  2:24  Supply Depot  
  23  2:25  Refinery  
  23  2:42  Factory  
  23  2:44  Barracks Tech Lab  
  23  2:45  SCV  
  23  2:48  Supply Depot  
  24  2:51  Marine x2  
  24  2:53  Orbital Command  
  24  2:57  SCV  
  27  3:04  Stimpack  
  27  3:20  Marine x2  
  27  3:21  SCV, Marine, Orbital Command  
  31  3:30  Factory Reactor  
  31  3:33  SCV  
  32  3:38  Marine x2  
  32  3:40  Marine  
  35  3:45  SCV  
  35  3:47  SCV  
  37  3:56  Marine  
  37  3:57  SCV  
  37  3:58  Marine x2  
  37  3:59  SCV  
  37  4:02  Starport  
  42  4:03  Refinery  
  42  4:09  SCV  
  43  4:10  Supply Depot  
  43  4:11  Widow Mine x2, SCV  
  43  4:13  Marine  
  43  4:16  Marine  
  50  4:17  Supply Depot  
  50  4:21  SCV, Marine  
  50  4:23  SCV  
  53  4:31  Marine  
  53  4:34  SCV  
  55  4:39  Marine x2  
  55  4:40  SCV  
  55  4:43  Medivac x2  
  62  4:47  Combat Shield  
  62  4:48  Engineering Bay x2  
  62  4:49  SCV  
  62  4:52  SCV  
  64  5:03  Marine x2  
  64  5:05  SCV  
  64  5:06  SCV  
  68  5:13  Refinery  
  68  5:14  Terran Infantry Armor Level 1, Terran Infantry Weapons Level 1  
  68  5:16  Supply Depot  
  68  5:17  SCV  
  68  5:18  SCV, Supply Depot  
  68  5:20  Factory Reactor  
  70  5:25  Supply Depot  
  70  5:26  Supply Depot  
  70  5:33  Barracks  
  70  5:42  SCV x2  
  72  5:44  Barracks  
  72  5:47  Barracks  
  72  5:52  Missile Turret  
  72  5:54  SCV, Missile Turret  
  72  5:55  SCV  
  74  6:07  SCV x2  
  76  6:16  Missile Turret  
  76  6:19  Marine x2  
  76  6:21  SCV x2  
  76  6:24  Factory  
  80  6:25  Command Center  
  80  6:26  Barracks Reactor  
  80  6:30  Armory  
  80  6:33  SCV x2  
  80  6:35  Barracks Tech Lab x2  
  80  6:37  Widow Mine  
  80  6:39  Widow Mine  
  86  6:45  SCV x2  
  88  6:49  Missile Turret  
  88  6:51  Missile Turret  
  88  6:54  Missile Turret  
  88  6:55  Missile Turret  
  88  6:57  Marine x2  
  88  6:58  Marauder  
  92  7:14  Factory Tech Lab  
  92  7:16  Factory  
  92  7:19  SCV, Supply Depot  
  92  7:20  SCV  
  92  7:22  Supply Depot  
  94  7:32  SCV x2, Drilling Claws  
  94  7:35  Siege Tank  
  94  7:36  Siege Tank  
  102  7:38  SCV  
  102  7:44  SCV x2  
  105  7:50  Missile Turret  
  105  7:56  SCV  
  106  8:02  Factory Tech Lab  
  106  8:04  Marine x6  
  106  8:05  Marauder x2  
  114  8:07  Siege Tank  
  114  8:08  Siege Tank  
  115  8:21  Marine  
  115  8:26  Marauder  
  111  8:30  Siege Tank  
  111  8:32  Marine  
  111  8:33  Marine x4  
  116  8:37  Marine  
  116  8:39  Marine, Siege Tank  
  116  8:40  Siege Tank  
  124  8:47  Marine  
  111  8:51  Marine x5  
  111  8:55  Marine  
  114  8:58  Command Center  
  114  9:02  Marine  
  114  9:05  Marine  
  114  9:07  Siege Tank  
  114  9:08  Marine  
  114  9:09  Terran Infantry Armor Level 2, Terran Infantry Weapons Level 2, Marine x2  
  122  9:11  Siege Tank  
  122  9:13  Supply Depot  
  122  9:14  Supply Depot  
  122  9:16  SCV x2  
  127  9:28  SCV x2  
  129  9:32  Siege Tank  
  132  9:40  SCV x2  
  121  9:56  Marine  
  121  9:57  Marine  
  118  10:07  Marine x3  
  118  10:12  SCV x2  
  122  10:14  Orbital Command  
  122  10:20  Orbital Command  
  121  10:24  SCV x2  
  123  10:31  Marine x2  
  125  10:36  Widow Mine x3, SCV x2  
  125  10:42  Marine x4  
  137  10:46  Missile Turret  
  137  10:48  SCV, Missile Turret  
  137  10:49  SCV, Supply Depot x2  
  139  10:50  Supply Depot  
  139  10:51  Refinery  
  139  10:52  Refinery  
  139  10:53  Supply Depot  
  139  10:55  Orbital Command  
  139  10:58  Siege Tank x3  
  139  11:01  SCV x2  
  139  11:02  Terran Vehicle Weapons Level 1  
  150  11:05  Armory  
  150  11:07  Armory  
  150  11:20  SCV x4  
  154  11:32  SCV  
  155  11:33  Marine  
  155  11:34  Marine x5  
  155  11:35  Medivac x2  
  165  11:41  Terran Infantry Weapons Level 3, Missile Turret  
  165  11:42  Missile Turret  
  165  11:43  Terran Infantry Armor Level 3, Missile Turret  
  165  11:44  Refinery  
  165  11:45  Refinery, Missile Turret  
  165  11:47  Bunker  
  165  11:51  Supply Depot  
  165  11:53  Supply Depot  
  163  12:04  Marine x3  
  163  12:05  Marine x4, Medivac x2  
  174  12:10  SCV  
  166  12:50  Marine, Siege Tank x3  
  166  12:51  Marine x4  
  180  13:02  Command Center x2  
  180  13:05  Command Center  
  179  13:22  Siege Tank  
  179  13:26  Marine x4  
  181  13:31  Marine x4  
  166  13:55  Marine x3  
  151  13:56  Marine x5  
  154  14:06  Terran Vehicle Weapons Level 2  
  154  14:08  Liberator x2  
  154  14:09  Terran Vehicle And Ship Armor Level 1, Terran Ship Weapons Level 1  
  160  14:13  Marine x4  
  160  14:14  Marine x4  
  168  14:21  Orbital Command  
  168  14:22  Orbital Command x2  
  168  14:26  Command Center  
  168  14:31  Marine x4, Command Center  
  168  14:36  Fusion Core  
  172  14:41  Starport x2  
  172  14:45  Marine x4  
  176  14:49  Marine  
  176  14:51  Viking x2  
  181  15:07  Neosteel Armor, Hi-Sec Auto Tracking  
  181  15:20  Starport Reactor x2  
  181  15:29  Liberator x2  
  169  16:08  Liberator x4  
  179  16:19  Sensor Tower  
  179  16:23  Viking x2  
  148  16:41  Missile Turret  
  148  16:46  Marine x7  
  148  16:47  Marine  
  148  16:51  Viking x4  
  148  16:53  Viking x2  
  135  17:04  Marine x7  
  135  17:07  Marine  
  137  17:08  Siege Tank x2  
  134  17:21  Marine x2, Viking x4  
  134  17:22  Marine x2  
  134  17:23  Viking x2  
  134  17:24  Marine x2  
  134  17:25  Marine x2  
  111  17:39  Marine x3  
  111  17:40  Marine  
  111  17:42  Marine  
  89  17:50  Orbital Command  
  89  17:51  Orbital Command  
  83  17:53  Viking  
  83  17:59  Marine, Siege Tank  
  83  18:00  Marine x4, Siege Tank x2  
Tags
 
Add a new tag
Caveats
  • Supply blocks, unpowered buildings, or Contaminate may cause inaccurate times.
  • Supply counts are checked every 10 seconds.